 Dungeon Crawl Stone Soup version 0.31-a0-667-g39726597b9 (webtiles) character file.

Game seed: 5145905147385751147

21 Essalna the Conjurer (level 2, 21/21 HPs)
             Began as a Demonspawn Conjurer on Sept 4, 2023.
             Got out of the dungeon alive.
             The game lasted 00:01:10 (448 turns).

Essalna the Conjurer (Demonspawn Conjurer)           Turns: 448, Time: 00:01:10

Health: 21/21      AC:  2    Str:  7    XL:     2   Next: 62%
Magic:  14/14      EV: 12    Int: 19    God:
Gold:   52         SH:  0    Dex: 11    Spells: 4/5 levels left

rFire   . . .        d - +0 hand axe
rCold   . . .        (no shield)
rNeg    . . .        a - +0 robe
rPois   .            (no helmet)
rElec   .            (no cloak)
rCorr   .            (no gloves)
SInv    .            (no boots)
Will    .....        (no amulet)
Stlth   ++           e - ring of magical power
HPRegen 0.23/turn    (no ring)
MPRegen 0.14/turn

%: no passive effects
@: no status effects
A: weakness stinger 1
a: no special abilities


You escaped.
You visited 1 branch of the dungeon, and saw 1 of its levels.

You collected 52 gold pieces.

Inventory:

Hand Weapons
 d - a +0 hand axe (weapon)
Missiles
 h - 2 throwing nets
Armour
 a - a +0 robe (worn)
 g - a +0 cloak
Jewellery
 e - a ring of magical power (left hand)
Scrolls
 c - a scroll of fog {unknown}
 f - a scroll of amnesia {unknown}
Potions
 b - a potion of magic


   Skills:
 + Level 1.1 Fighting
 - Level 1.7 Dodging
 - Level 1.7 Stealth
 + Level 2.4 Spellcasting
 + Level 4.2 Conjurations


You had 4 spell levels left.
You knew the following spells:

 Your Spells              Type           Power      Damage    Failure   Level
a - Magic Dart            Conj           72%        1d6       2%          1

Your spell library contained the following spells:

 Spells                   Type           Power      Damage    Failure   Level
 Searing Ray              Conj           36%        2d5       4%          2
 Dazzling Flash           Conj/Hex       20%        N/A       21%         3
 Fulminant Prism          Conj/Hex       5%         3d7       56%         4
 Iskenderun's Mystic Bla  Conj/Tloc      10%        2d4       56%         4


Dungeon Overview and Level Annotations

Branches:
Dungeon (1/15)

Altars:


Innate Abilities, Weirdness & Mutations

You have a small tail.


Message History

The magic dart hits the frilled lizard.
You kill the frilled lizard!
An endoplasm comes into view.
The magic dart hits the endoplasm.
The endoplasm is almost dead.
The endoplasm quivers.
The magic dart hits the endoplasm.
You kill the endoplasm!
You can't see any susceptible monsters within range! (Use Z to cast anyway.)
You can't see any susceptible monsters within range! (Use Z to cast anyway.) Sorry, you're not good enough to have a special ability.
Unknown command.
Key pressed, stopping explore.
A dart slug comes into view.
A dart slug is nearby!
Sorry, you're not good enough to have a special ability.
Unknown command.
A dart slug is nearby!
The magic dart hits the dart slug.
The dart slug is severely wounded.
The magic dart hits the dart slug.
The dart slug is almost dead.
The magic dart hits the dart slug.
You kill the dart slug!
You can't see any susceptible monsters within range! (Use Z to cast anyway.)
You can't see any susceptible monsters within range! (Use Z to cast anyway.)
h - 2 throwing nets You now have 43 gold pieces (gained 6).
You now have 52 gold pieces (gained 9).
A bat comes into view.
The magic dart hits the bat but does no damage.
The magic dart hits the bat but does no damage.
The bat hits you but does no damage. The bat completely misses you.
The magic dart hits the bat.
You kill the bat!
You can't see any susceptible monsters within range! (Use Z to cast anyway.)
You can't see any susceptible monsters within range! (Use Z to cast anyway.)
Found 3 large rocks.
There is a staircase leading out of the dungeon here.
You have escaped!

###....#####.....[...
#....................
##.#...######.........
#.........######......
#.#.....#....# ###...#
#.#.....#....# #.#.#
#.#.....#....# #.#..
#.#.....#....#####.>..
#.#..@..#...........##
#.#.....#...........##
#.#.....#...........[.
#.#.....#.............
#.#.....#.............
#...................#.
#...................#.
######.......>.....##.
##...>.#.........


There were no monsters in sight!

Vanquished Creatures
  3 dart slugs (D:1)
  A ball python (D:1)
  2 endoplasms (D:1)
  A giant cockroach (D:1)
  A hobgoblin (D:1)
  2 kobolds (D:1)
  A bat (D:1)
  2 frilled lizards (D:1)
  A rat (D:1)
14 creatures vanquished.

Notes
Turn   | Place    | Note
-------+----------+-------------------------------------------
     0 | D:1      | Essalna the Demonspawn Conjurer began the quest for the
                  | Orb.
     0 | D:1      | Reached XP level 1. HP: 13/13 MP: 3/3
   225 | D:1      | Discovered your monstrous ancestry.
   225 | D:1      | Gained mutation: You have a small tail. [demonic ancestry]
   225 | D:1      | Reached XP level 2. HP: 20/20 MP: 5/5
   305 | D:1      | Reached skill level 1 in Fighting
   448 | D:$      | Got out of the dungeon alive.

Illustrated notes

Levels and vault maps discovered:
D:1:      minmay_arrival_semitransparent, layout_rooms, minmay_close_crescents

Skill      XL: |  1  2 |
---------------+-------+-----
Fighting       | 1 |  1.1
Dodging        | |  1.7
Stealth        | |  1.7
Spellcasting   | |  2.4
Conjurations   | |  4.2

Action                     || total
---------------------------++-------
   Cast: Magic Dart        ||    28
 Armour: Robe              ||     1
  Dodge: Dodged            ||     2

Table legend: (Time is in decaauts)
 A = Elapsed time spent in this place.
 B = Non-inter-level travel time spent in this place.
 C = Inter-level travel time spent in this place.
 D = Time resting spent in this place.
 E = Time spent auto-exploring this place.
 F = Levels seen in this place.
 G = Mean time per level.
                   A        B        C        D        E       F      G
               +--------+--------+--------+--------+--------+-----+--------+
         Total |    447 |    413 |     34 |      0 |    343 |   1 |  447.0 |
       Dungeon |    447 |    413 |     34 |      0 |    343 |   1 |  447.0 |
               +--------+--------+--------+--------+--------+-----+--------+

Top non-repeatable levels by time:
     D:1: 447 daAuts
